 Dungeon Crawl Stone Soup version 0.19-a0-36-g4a0968a (webtiles) character file.

330 Kenran the Cudgeler (level 6, -3/37 HPs)
             Began as a Gargoyle Fighter on May 4, 2016.
             Slain by an ogre
             ... wielding a +0 giant club
              (10 damage)
             ... on level 4 of the Dungeon.
             The game lasted 00:08:41 (3965 turns).

Kenran the Cudgeler (Gargoyle Fighter)              Turns: 3965, Time: 00:08:42

Health: -3/37      AC: 19    Str: 20    XL:     6   Next: 51%
Magic:  6/6        EV:  3    Int:  8    God:
Gold:   74         SH:  9    Dex: 14    Spells: 0 memorised, 5 levels left

rFire  . . .     SeeInvis .     a - +0 flail
rCold  . . .     Gourm    .     q - +0 plate armour
rNeg   + . .     Faith    .     c - +0 shield
rPois  ∞         Spirit   .     m - +0 helmet
rElec  +         Dismiss  .     (no cloak)
rCorr  .         Reflect  .     b - +0 pair of gloves
SustAt .         Harm     .     y - +0 pair of boots
MR     .....                    (no amulet)
Stlth  ..........               (no ring)
                                j - +3 ring of dexterity

@: not resistant to hostile enchantments, extremely unstealthy
A: negative energy resistance 1, electricity resistance, unbreathing,
petrification resistance, rot immunity, AC +4
a: no special abilities


You were on level 4 of the Dungeon.
You were not hungry.

You visited 1 branch of the dungeon, and saw 5 of its levels.

You collected 247 gold pieces.
You spent 173 gold pieces at shops.

Inventory:

Hand Weapons
 a - a +0 flail (weapon)
Armour
 b - a +0 pair of gloves (worn)
 c - a +0 shield (worn)
 m - a +0 helmet (worn)
 q - a +0 plate armour (worn)
 y - a +0 pair of boots (worn)
Jewellery
 j - a +3 ring of dexterity (left hand)
 s - an uncursed ring of stealth {unknown}
 u - a +4 ring of strength {unknown}
 v - an uncursed ring of poison resistance {unknown}
 C - a cursed -3 ring of intelligence {unknown}
Scrolls
 e - 8 scrolls of identify {unknown}
 g - a scroll of immolation {unknown}
 h - a scroll of blinking {unknown}
 i - a scroll of fear {unknown}
 k - 4 scrolls of enchant armour {unknown}
 n - 3 scrolls of remove curse {unknown}
 t - a scroll of teleportation {unknown}
 x - a scroll of recharging {unknown}
 z - a scroll of magic mapping {unknown}
 A - a scroll of acquirement {unknown}
 D - a scroll of noise {unknown}
 E - a scroll of random uselessness {unknown}
Potions
 d - a potion of might
 l - a potion of degeneration {unknown}
 o - 4 potions of heal wounds
 r - 2 potions of brilliance {unknown}
 w - a potion of flight {unknown}
 B - a potion of cure mutation {unknown}
 F - a potion of mutation {unknown}
Books
 H - a book of Spatial Translocations

   Spells                             Type                      Level
   a - Apportation                    Translocation                1
   b - Blink                          Translocation                2
   c - Shroud of Golubria             Charms/Translocation         2
   d - Portal Projectile              Translocation                3
   e - Teleport Other                 Translocation                3
   f - Passage of Golubria            Translocation                4
Comestibles
 f - 4 bread rations
 p - a meat ration
 G - 5 fruits


   Skills:
 - Level 3.2 Fighting
 + Level 6.7 Maces & Flails
 - Level 3.2 Armour
 - Level 3.2 Shields


You had 5 spell levels left.
You didn't know any spells.

Dungeon Overview and Level Annotations

Branches:
Dungeon (5/15)
 Temple: D:4-7

Altars:
Makhleb
Zin

Shops:
D:4 }*!=[


Innate Abilities, Weirdness & Mutations

You are resistant to torment.
Your stone body is resilient (AC +4).
You are immune to poison.
You resist negative energy.
You are resistant to electric shocks.
You can survive without breathing.
You are immune to petrification.
You are immune to rotting.


Message History

The howler monkey hoots and howls with incredible vigour!
The howler monkey hoots and howls with incredible vigour!
The howler monkey hoots and howls with incredible vigour!
You see here 22 stones.
The howler monkey hoots and howls with incredible vigour!
There is a stone staircase leading up here.
You block the ogre's attack.
You climb upwards.
There is a stone staircase leading down here.
You hit the ogre but do no damage. The ogre hits you with a giant club!
You completely miss the ogre. The ogre hits you but does no damage.
You closely miss the ogre. You thump the ogre!
The ogre is moderately wounded.
The ogre hits you with a giant club!
* * * LOW HITPOINT WARNING * * *
Your shield and plate armour prevent you from hitting the ogre.
The ogre is moderately wounded.
The ogre hits you with a giant club!
You die...

#..#.........##
#.............#
#.............#
#.............##
#..............#
#.............##
####..#..........#
####.....###...O....#
......##..#####.@...#
#########...##....###
###.....### ##..###
##..### ####.....####
####......÷....##
####.......÷.......#
#..................#


You could see an ogre.

Vanquished Creatures
  A scorpion (D:4)
  A hound (D:4)
  An orc wizard (D:4)
  A worker ant (D:4)
  12 adders
  3 worms
  2 dart slugs (D:1)
  5 giant geckos
  7 orcs (D:4)
  5 bats
  8 goblins
  5 hobgoblins
  2 jackals (D:4)
  5 quokkas
  A ball python (D:4)
  A giant gecko skeleton (D:4)
  4 giant newts
  5 kobolds
  A quokka skeleton (D:4)
  9 rats
79 creatures vanquished.

Notes
Turn   | Place    | Note
--------------------------------------------------------------
     0 | D:1      | Kenran the Gargoyle Fighter began the quest for the Orb.
     0 | D:1      | Reached XP level 1. HP: 14/14 MP: 1/1
   456 | D:1      | Reached XP level 2. HP: 19/19 MP: 2/2
   658 | D:1      | Reached skill level 3 in Maces & Flails
   883 | D:2      | Reached XP level 3. HP: 23/23 MP: 3/3
  1328 | D:2      | Reached skill level 4 in Maces & Flails
  1406 | D:2      | Found a glowing silver altar of Zin.
  1529 | D:3      | Reached XP level 4. HP: 26/28 MP: 4/4
  2375 | D:4      | Reached skill level 5 in Maces & Flails
  2375 | D:4      | Reached XP level 5. HP: 22/32 MP: 5/5
  2587 | D:4      | Found Quqapp's Assorted Antiques.
  2608 | D:4      | Bought a scroll labeled NOQOOCH MUOCLUM for 33 gold pieces
  2634 | D:4      | Found Dyilasch's Distillery.
  2637 | D:4      | Bought a potion of heal wounds for 70 gold pieces
  2637 | D:4      | Bought a potion of heal wounds for 70 gold pieces
  2723 | D:4      | Found Fudezioj's Gadget Shoppe.
  2844 | D:4      | Found Biylykau's Jewellery Shop.
  2899 | D:4      | Reached skill level 6 in Maces & Flails
  2932 | D:4      | Reached XP level 6. HP: 32/37 MP: 6/6
  3096 | D:4      | Found Firghyqeorph's Armour Boutique.
  3447 | D:4      | Found a burning altar of Makhleb.
  3447 | D:4      | Noticed a cacodemon
  3451 | D:4      | Noticed a ynoxinul
  3451 | D:4      | Noticed a neqoxec
  3517 | D:5      | Entered Level 5 of the Dungeon
  3906 | D:5      | Noticed an ice beast
  3965 | D:4      | Slain by an ogre

Vault maps used:
D:1:      dpeg_arrival_triangle_fractal
D:2:      marbit_many_paths, first_bread
D:4:      makhleb_altar_promises_db, serial_shops, kennysheep_mini, shop,
          kennysheep_little_box, nicolae_shop_overgrown_old_shop,
          nicolae_shop_crystal, roderic_roman_lattice
D:5:      kennysheep_mini_moat, serial_shops, shop

Skill      XL: |  1  2  3  4  5 |
---------------+----------------+-----
Maces & Flails | 3 4 5 6 |  6.7
Fighting       | |  3.2
Armour         | |  3.2
Shields        | |  3.2

Action                   |  1- 3 |  4- 6 || total
-------------------------+-------+-------++-------
Melee: Flail             |   125 |   230 ||   355
  Eat: Chunk             |     2 |     8 ||    10
Armor: Scale mail        |    30 |       ||    30
       Plate armour      |    24 |   202 ||   226
Dodge: Dodged            |    31 |    33 ||    64
Block: Shield            |    48 |   124 ||   172
